Map: New Repugnancy LE

Players

MyCrO - Winner!

  • Race: Protoss Protoss
  • Spawn Location: 7:00

Mez

  • Race: Terran Terran
  • League: Master
  • Spawn Location: 1:00

VOD

Have the link to the VOD?

Description

Time

  • Played on: July 29, 2019, 3:50 a.m.
  • Length: 7:04
Show
View Real Time Build Order
Export as new Build Order

MyCrO Protoss - Winner!

Build Orders:  

Get SALT Encoding   

  12  0:00  Probe  
  13  0:12  Probe  
  14  0:17  Pylon  
  14  0:25  Probe  
  15  0:37  Probe  
  15  0:41  Gateway  
  16  0:49  Probe  
  17  0:51  Assimilator  
  17  1:01  Probe  
  18  1:11  Probe  
  19  1:19  Probe  
  19  1:21  Zealot  
  20  1:28  Cybernetics Core, Probe  
  23  1:39  Pylon  
  23  1:45  Assimilator  
  23  1:57  Probe  
  23  2:00  Stalker  
  26  2:09  Probe  
  26  2:14  Robotics Facility  
  27  2:21  Probe  
  28  2:25  Pylon  
  28  2:37  Pylon  
  27  2:47  Warp Gate  
  27  2:56  Immortal  
  27  3:05  Probe  
  32  3:16  Shield Battery x2  
  32  3:21  Shield Battery  
  32  3:24  Probe  
  33  3:41  Warp Prism  
  35  3:59  Pylon  
  35  4:01  Stalker  
  37  4:04  Probe  
  37  4:16  Immortal  
  38  4:33  Pylon  
  38  4:46  Immortal  
  41  5:26  Probe  
  42  5:38  Probe  
  41  5:45  Stalker  
  41  5:47  Immortal  
  47  5:56  Nexus  
Show
View Real Time Build Order
Export as new Build Order

Mez Terran 

Build Orders: Reaper Expand 

Get SALT Encoding   

  12  0:01  SCV  
  13  0:13  SCV  
  14  0:17  Supply Depot  
  14  0:25  SCV  
  15  0:39  SCV  
  15  0:41  Barracks  
  16  0:46  Refinery  
  16  0:51  SCV  
  17  1:03  SCV  
  18  1:15  SCV  
  19  1:29  Reaper  
  19  1:31  Orbital Command  
  20  1:51  Command Center  
  20  2:00  SCV  
  21  2:02  Barracks Reactor  
  21  2:08  Supply Depot  
  21  2:17  SCV, Barracks  
  23  2:30  SCV  
  23  2:31  Factory  
  23  2:41  Marine x2  
  25  2:54  SCV  
  26  3:03  Orbital Command  
  26  3:05  Bunker, Refinery, Marine  
  27  3:06  Marine  
  28  3:14  Barracks Tech Lab  
  28  3:17  Widow Mine  
  30  3:24  Bunker  
  30  3:35  SCV  
  31  3:45  Factory Tech Lab  
  31  3:48  SCV, Marine  
  32  3:49  Marine x2  
  32  3:52  SCV  
  32  3:54  Starport  
  36  4:06  Widow Mine, Marine x2  
  36  4:08  Combat Shield  
  40  4:16  SCV  
  42  4:17  SCV, Marine  
  43  4:24  Marine x2  
  45  4:35  Marine  
  45  4:42  Marine  
  43  4:52  Viking  
  41  5:02  Marine x2  
  41  5:03  Marine  
  40  5:20  Siege Tank, Marine  
  36  5:38  Marine  
  31  5:47  Viking  
  33  5:53  Barracks  
  33  5:54  Engineering Bay, SCV x2  
  33  5:55  Barracks  
  33  5:56  Marine  
  37  6:04  Siege Tank  
  37  6:07  SCV x2  
  39  6:14  Marine  
  39  6:16  Viking  
  38  6:28  SCV x2  
  22  6:45  Marine  
  22  6:46  Marine x2  
Tags
 
Add a new tag
Caveats
  • Supply blocks, unpowered buildings, or Contaminate may cause inaccurate times.
  • Supply counts are checked every 10 seconds.